 Dungeon Crawl Stone Soup version 0.28.0 (webtiles) character file.

Game seed: 14849824141664869434

111 Cykl0x the Digger (level 4, -1/26 HPs)
             Began as a Gargoyle Earth Elementalist on Feb 15, 2022.
             Was an Initiate of the Shining One.
             Slain by an orc (2 damage)
             ... on level 4 of the Dungeon.
             The game lasted 00:07:48 (3732 turns).

Cykl0x the Digger (Gargoyle Earth Elementalist)     Turns: 3732, Time: 00:07:49

Health: -1/26      AC:  6    Str: 12    XL:     4   Next: 92%
Magic:  1/7        EV: 12    Int: 17    God:    the Shining One [......]
Gold:   161        SH:  0    Dex: 10    Spells: 3/7 levels left

rFire   + . .      SeeInvis .   a - +1 short sword
rCold   . . .      Faith    .   (no shield)
rNeg    + . .      Spirit   .   b - +0 robe
rPois   ∞          Reflect  .   (no helmet)
rElec   +          Harm     .   h - +0 cloak of Naiptot {Rampage rF+ rCorr Stlth+}
rCorr   +          Rampage  +   (no gloves)
Will    .....                   (no boots)
Stlth   +.........              (no amulet)
HPRegen 0.08/turn               (no ring)
MPRegen 0.10/turn               (no ring)

@: mighty, glowing
A: sickness immunity, AC +3, negative energy resistance 1, electricity
resistance, torment resistance 1, petrification resistance
a: Renounce Religion


You were on level 4 of the Dungeon.
You worshipped the Shining One.
The Shining One was noncommittal.
You visited 1 branch of the dungeon, and saw 4 of its levels.

You collected 161 gold pieces.

Inventory:

Hand Weapons
 a - a +1 short sword (weapon)
Missiles
 c - 68 stones
Armour
 b - a +0 robe (worn)
 h - the +0 cloak of Naiptot (worn) {Rampage rF+ rCorr Stlth+}
   (You found it on level 2 of the Dungeon)

   rF:        It protects you from fire.
   rCorr:     It protects you from acid and corrosion.
   Rampage:   It bestows one free step when moving towards enemies.
   Stlth:     It makes you more stealthy.
 k - a +0 ring mail
Scrolls
 j - a scroll of teleportation
Potions
 d - a potion of attraction
 f - a potion of degeneration {unknown}
 g - 2 potions of heal wounds {unknown}
 i - a potion of lignification {unknown}


   Skills:
 * Level 1.8 Fighting
 + Level 0.1(1.0) Short Blades
 * Level 1.6 Long Blades
 + Level 1.6 Dodging
 - Level 2.1 Stealth
 + Level 2.3 Spellcasting
 * Level 1.7 Conjurations
 - Level 0.7 Transmutations
 + Level 4.4 Earth Magic
 * Level 0.4 Invocations


You had 3 spell levels left.
You knew the following spells:

 Your Spells              Type           Power      Damage    Failure   Level
a - Sandblast             Erth           34%        2d9       3%          1
b - Stone Arrow           Conj/Erth      24%        3d8       16%         3

Your spell library contained the following spells:

 Spells                   Type           Power      Damage    Failure   Level
 Passwall                 Tmut/Erth      8%         N/A       10%         2
 Static Discharge         Conj/Air       4%         N/A       21%         2
 Petrify                  Tmut/Erth      10%        N/A       54%         4
 Sticky Flame             Conj/Fire      4%         2d3       78%         4
 Dispel Undead            Necr           1%         3d6       88%         4


Dungeon Overview and Level Annotations

Branches:
Dungeon (4/15)
 Temple: D:4-7

Altars:
The Shining One

Shops:
D:1 !


Innate Abilities, Weirdness & Mutations

You are immune to sickness and miasma.
Your stone body is resilient. (AC +3)
You are immune to poison.
You resist negative energy. (rN+)
You are resistant to electric shocks. (rElec)
You are resistant to unholy torment.
You are immune to petrification.


Message History

Casting: Stone Arrow (quite dangerous; 16% risk of failure)
Confirm with . or Enter, or press ? or * to list all spells.
The spell is quite dangerous to miscast (16% risk of failure)!
Continue anyway?
Aiming: Stone Arrow (quite dangerous; 16% risk of failure)
Press: ? - help, Shift-Dir - straight line, f - orc
Aim: an orc, wielding a +0 mace and wearing a +0 ring mail (72% to hit)
Okay, then.
The blast of sand hits the orc.
The orc is lightly wounded.
The blast of sand hits the orc.
The orc is almost dead.
An orc priest comes into view. It is wielding a +1 vorpal falchion.
The blast of sand hits the orc but does no damage.
The orc is almost dead.
The orc priest shouts!
The adder barely misses you. The orc hits you with a +0 mace.
The adder bites you but does no damage.
The quokka bites you but does no damage.
You hit the quokka.
The quokka is moderately wounded.
The adder bites you. The quokka closely misses you.
The adder closely misses you. The orc hits you but does no damage.
You hit the quokka.
The quokka is almost dead.
The adder closely misses you. The quokka bites you.
The orc priest calls down the wrath of Beogh upon you.
Beogh smites you!
Ouch! That really hurt!
* * * LOW HITPOINT WARNING * * *
The orc hits you but does no damage. The orc hits you with a +0 short sword.
* * * LOW HITPOINT WARNING * * *
The adder bites you but does no damage. The quokka closely misses you.
The orc priest begins to cast a cantrip, but forgets the words!
The adder bites you but does no damage.
Unknown command.
It was a potion of might.
You feel very mighty all of a sudden. The quokka closely misses you.
The adder bites you but does no damage. The orc hits you with a +0 mace.
You die...

#............#
#.............#
#.....#......##
######....####.###
.##...##....# .#
............# ..
............#####.#
.........or.).....
........oS@.#.#.#
.......#.o..>.....
.......####.#.....
....... .......
....... .#.....
....... .......
.... .# #. . .. ..


You could see an orc priest, an adder, 2 orcs and a quokka.

Vanquished Creatures
  An iguana (D:3)
  2 worms (D:2)
  2 dart slugs
  2 orcs (D:3)
  3 ball pythons (D:1)
  12 endoplasms
  5 giant cockroaches
  6 goblins
  7 hobgoblins
  3 jackals (D:3)
  4 kobolds
  2 quokkas
  5 bats
  4 frilled lizards
  6 rats
64 creatures vanquished.

Notes
Turn   | Place    | Note
-------+----------+-------------------------------------------
     0 | D:1      | Cykl0x the Gargoyle Earth Elementalist began the quest for
                  | the Orb.
     0 | D:1      | Reached XP level 1. HP: 10/10 MP: 3/3
   306 | D:1      | Reached XP level 2. HP: 16/16 MP: 1/5
   367 | D:1      | Found Ziskaeci's Distillery.
   403 | D:1      | Found a faded altar of an unknown god.
   768 | D:1      | Reached skill level 1 in Conjurations
   805 | D:1      | Reached skill level 4 in Earth Magic
   841 | D:1      | Reached skill level 1 in Fighting
   842 | D:1      | Reached XP level 3. HP: 18/20 MP: 1/6
   996 | D:1      | Learned a level 3 spell: Stone Arrow
  1840 | D:2      | Reached skill level 1 in Long Blades
  2032 | D:2      | Found a glowing golden altar of the Shining One.
  2040 | D:2      | Became a worshipper of the Shining One
  2262 | D:2      | Identified the +0 cloak of Naiptot {Rampage rF+ rCorr
                  | Stlth+}
  2455 | D:2      | Reached XP level 4. HP: 25/25 MP: 3/7
  3730 | D:4      | HP: 1/26 [orc (3)]
  3732 | D:4      | Slain by an orc

Illustrated notes

Levels and vault maps discovered:
D:1:      amcnicky_arrival_double_pillar, layout_basic,
          ebering_ecumenical_altar_petrified, serial_shops, shop, st_stairs_3
D:2:      layout_basic, basic_altar, serial_park_tiny_pond
D:3:      layout_basic
D:4:      layout_gridville, lightli_ossuary_entry_decrepit_ruins, st_stairs_2,
          minmay_strange_pillars

Skill      XL: |  1  2  3 |
---------------+----------+-----
Conjurations   | 1 |  1.7
Earth Magic    | 4 |  4.4
Fighting       | 1 |  1.8
Long Blades    | 1 |  1.6
Short Blades   | |  0.1
Dodging        | |  1.6
Stealth        | |  2.1
Spellcasting   | |  2.3
Transmutations | |  0.7
Invocations    | |  0.4

Action                   |  1- 3 |  4- 6 || total
-------------------------+-------+-------++-------
Melee: Short sword       |    33 |    15 ||    48
       Punch             |     1 |       ||     1
 Cast: Sandblast         |    27 |     9 ||    36
       Stone Arrow       |    19 |    18 ||    37
  Use: Scroll            |     3 |     2 ||     5
       Potion            |       |     1 ||     1
Armor: Robe              |    15 |    18 ||    33
Dodge: Dodged            |    21 |    17 ||    38
